 Dungeon Crawl Stone Soup version 0.23-a0-296-ga3b1b28 (webtiles) character file.

1528 namelastname112 the Firebug (level 8, -2/66 HPs)
             Began as a Pale Draconian Fire Elementalist on Oct 5, 2018.
             Was a Believer of Vehumet.
             Slain by Duvessa
             ... wielding a +7 rapier
              (22 damage)
             ... on level 6 of the Dungeon.
             The game lasted 00:12:05 (6237 turns).

namelastname112 the Firebug (DrFE)                  Turns: 6237, Time: 00:12:06

Health: -2/66      AC:  8    Str: 10    XL:     8   Next: 55%
Magic:  6/15       EV: 13    Int: 19    God:    Vehumet [**....]
Gold:   320        SH:  0    Dex: 11    Spells: 9/17 levels left

rFire    . . .     SeeInvis +   y - +2 quarterstaff (chaos)
rCold    . . .     Gourm    .   (shield currently unavailable)
rNeg     . . .     Faith    .   (armour unavailable)
rPois    .         Spirit   .   (helmet restricted)
rElec    .         Reflect  .   t - +0 cloak
rCorr    .         Harm     .   w - +0 pair of gloves
MR       .....                  (no boots)
Stlth    ++........             D - amulet of magic regeneration
HPRegen  0.21/turn              j - ring of see invisible
MPRegen  0.39/turn              (no ring)

@: short of breath
A: breathe steam, unfitting armour, cold-blooded, AC +6
a: Breathe Steam, Renounce Religion


You were on level 6 of the Dungeon.
You worshipped Vehumet.
Vehumet was pleased with you.
You were very hungry.

You visited 1 branch of the dungeon, and saw 6 of its levels.

You collected 320 gold pieces.

Inventory:

Hand Weapons
 y - a +2 quarterstaff of chaos (weapon)
Missiles
 m - a throwing net (quivered)
Armour
 t - a +0 cloak (worn)
 w - a +0 pair of gloves (worn)
Jewellery
 j - a ring of see invisible (left hand)
 D - an amulet of magic regeneration (around neck)
Wands
 l - a wand of polymorph (18)
 u - a wand of acid (5)
Scrolls
 a - a scroll of random uselessness {unknown}
 d - 12 scrolls of teleportation {unknown}
 e - 3 scrolls of blinking {unknown}
 f - a scroll of enchant armour {unknown}
 g - 4 scrolls of immolation {unknown}
 h - a scroll of magic mapping {unknown}
 n - 6 scrolls of remove curse {unknown}
 o - 6 scrolls of identify {unknown}
 v - a scroll of noise {unknown}
 x - a scroll of enchant weapon {unknown}
 z - a scroll of amnesia {unknown}
Potions
 c - a potion of haste {unknown}
 i - a potion of curing
 k - 2 potions of flight {unknown}
 p - 2 potions of magic {unknown}
 q - a potion of ambrosia {unknown}
 r - 2 potions of lignification {unknown}
 s - a potion of might {unknown}
 A - 2 potions of degeneration {unknown}
 B - a potion of agility {unknown}
Comestibles
 b - 5 rations


   Skills:
 + Level 3.8 Fighting
 + Level 3.7 Dodging
 - Level 1.7 Stealth
 * Level 5.2 Spellcasting
 * Level 5.3 Conjurations
 * Level 6.8 Fire Magic


You had 9 spell levels left.
You knew the following spells:

 Your Spells              Type           Power        Failure   Level  Hunger
c - Conjure Flame         Conj/Fire      ####....     3%          3    ##.....
x - Sticky Flame          Conj/Fire      ####....     10%         4    ####...
z - Flame Tongue          Conj/Fire      ####.        1%          1    None

Your spell library contained the following spells:

 Spells                   Type           Power        Failure   Level  Hunger
 Searing Ray              Conj           ####..       1%          2    #......
 Throw Flame              Conj/Fire      ####..       1%          2    #......
 Inner Flame              Hex/Fire       ###.....     9%          3    ##.....
 Fireball                 Conj/Fire      ####......   28%         5    ######.


Dungeon Overview and Level Annotations

Branches:
Dungeon (6/15)             Temple (0/1) D:5

Altars:
Dithmenos
Elyvilon
Hepliaklqana
Kikubaaqudgha
Sif Muna
Vehumet
Zin
The Shining One

Shops:
D:6 [

Annotations:
D:6 Duvessa


Innate Abilities, Weirdness & Mutations

You can breathe blasts of scalding, opaque steam.
Your pale cyan-grey scales are hard. (AC +6)
You cannot fit into any form of body armour.
You are cold-blooded and may be slowed by cold attacks.


Message History

Press: ? - help, Shift-Dir - straight line, f - Duvessa
Aim: Duvessa, wielding an enchanted rapier and wearing a shiny ring mail You exhale a blast of scalding steam.
The ball of steam hits Duvessa.
Duvessa resists.
Duvessa is heavily wounded.
The ball of steam misses the water moccasin skeleton.
You feel slightly more hungry. Duvessa closely misses you.
The water moccasin skeleton is engulfed in a cloud of scalding steam.
Casting: Sticky Flame (safe; 10% risk of failure)
Confirm with . or Enter, or press ? or * to list all spells.
Aiming: Sticky Flame (safe; 10% risk of failure)
Press: ? - help, Shift-Dir - straight line, f/p - Duvessa
Aim: Duvessa, wielding an enchanted rapier and wearing a shiny ring mail The sticky flame hits Duvessa.
Duvessa completely resists.
Duvessa is heavily wounded.
Duvessa is covered in liquid flames!
You are feeling very hungry.
Duvessa burns!
Duvessa hits you with an enchanted rapier!!
You die...

#. ####.#.## #.##.......##
###.|.........# .(....#.>.....
#...........# #....#.....##
########### #>.#.).......
##.........##.##.§#......##
##.##.##.#.##...@e§.......#
##.##.##.#.######Z##.....##
......##.#.#...##..[....##
##.#####.......######...#
##.#####.#.#...# #...#
##.......#.##.## #...#
########...#..# #...#########
.....# #..##..#######...#.......#
.....###..#...##.............##.#


You could see Duvessa (berserk) and a water moccasin skeleton.

Vanquished Creatures
  Grinder (D:4)
  Eustachio (D:4)
  Menkaure (D:6)
  An ice beast (D:5)
  2 ogres
  A wolf (D:4)
  Dowan (D:6)
  A scorpion (D:4)
  A crimson imp (D:5)
  5 hounds
  A centaur skeleton (D:4)
  An orc priest (D:3)
  Crazy Yiuf (D:5)
  Terence (D:2)
  2 orc wizards
  A worker ant (D:5)
  7 gnolls
  6 adders
  A shadow imp (D:5)
  2 adder skeletons
  4 worms
  3 dart slugs
  3 leopard geckos
  14 orcs
  A ball python (D:2)
  5 giant cockroaches
  11 goblins
  7 hobgoblins
  12 jackals
  2 quokkas
  5 bats
  5 frilled lizards
  A jackal skeleton (D:5)
  7 kobolds
  8 rats
  A fungus (D:5)
127 creatures vanquished.

Notes
Turn   | Place    | Note
-------+----------+-------------------------------------------
     0 | D:1      | namelastname112 the Draconian Fire Elementalist began the
                  | quest for the Orb.
     0 | D:1      | Reached XP level 1. HP: 14/14 MP: 3/3
   183 | D:1      | Reached XP level 2. HP: 17/20 MP: 5/5
   599 | D:2      | Reached XP level 3. HP: 27/27 MP: 0/6
   705 | D:2      | Learned a level 3 spell: Conjure Flame
   976 | D:2      | Reached skill level 1 in Fighting
   976 | D:2      | Reached XP level 4. HP: 35/35 MP: 4/7
  1005 | D:2      | Found an ancient bone altar of Kikubaaqudgha.
  1143 | D:2      | Noticed Terence
  1152 | D:2      | Killed Terence
  1561 | D:2      | Reached XP level 5. HP: 17/40 MP: 1/9
  1836 | D:2      | Found a radiant altar of Vehumet.
  1847 | D:2      | Became a worshipper of Vehumet
  2249 | D:3      | Reached skill level 4 in Fire Magic
  2317 | D:3      | Noticed an ogre
  2436 | D:3      | Killed an ogre
  2436 | D:3      | Reached XP level 6. HP: 17/48 MP: 1/11
  2719 | D:3      | Reached * piety under Vehumet
  2719 | D:3      | Offered knowledge of Magic Dart by Vehumet.
  2830 | D:3      | Found a shadowy altar of Dithmenos.
  3067 | D:4      | Noticed Eustachio
  3118 | D:3      | Learned a level 4 spell: Sticky Flame
  3400 | D:4      | Killed Eustachio
  3400 | D:4      | Your scales start taking on a pale cyan-grey colour.
  3400 | D:4      | Reached skill level 5 in Fire Magic
  3400 | D:4      | Reached XP level 7. HP: 52/56 MP: 4/12
  3644 | D:4      | Noticed Ijyb
  3691 | D:4      | Noticed Grinder
  3694 | D:4      | Paralysed by Grinder for 4 turns
  3702 | D:4      | Killed Grinder
  3813 | D:4      | Found a hazy altar of Hepliaklqana.
  3895 | D:4      | Noticed Ijyb
  3895 | D:4      | Ijyb changed into Ijyb the wolf
  3903 | D:4      | Killed Ijyb the wolf
  3903 | D:4      | Reached skill level 6 in Fire Magic
  4283 | D:5      | Entered Level 5 of the Dungeon
  4332 | D:5      | Found a deep blue altar of Sif Muna.
  4370 | D:5      | HP: 2/57 [gnoll/spear (9)]
  4373 | D:5      | Reached XP level 8. HP: 4/63 MP: 14/14
  4373 | D:5      | Offered knowledge of Searing Ray by Vehumet.
  4374 | D:5      | Reached ** piety under Vehumet
  4706 | D:5      | Found a white marble altar of Elyvilon.
  5347 | D:5      | Found a staircase to the Ecumenical Temple.
  5575 | D:5      | Found a runed door.
  5579 | D:5      | Noticed Crazy Yiuf
  5582 | D:5      | Killed Crazy Yiuf
  5666 | D:6      | Noticed Menkaure
  5675 | D:6      | Killed Menkaure
  5675 | D:6      | Reached skill level 5 in Spellcasting
  5675 | D:6      | Reached skill level 5 in Conjurations
  5805 | D:6      | Found Xoelijodu's Antique Armour Emporium.
  5966 | D:6      | Found a glowing golden altar of the Shining One.
  6057 | D:6      | Found a glowing silver altar of Zin.
  6221 | D:6      | Noticed Dowan
  6222 | D:6      | Noticed Duvessa
  6229 | D:6      | Killed Dowan
  6237 | D:6      | Slain by Duvessa

Vault maps used:
D:1:      dpeg_arrival_subterranean_lakeside_camping, minmay_heptomino_l4
D:2:      fiery_altar_vehumet, kiku_gazebo_pond_becter, kennysheep_small_spiral,
          minmay_strange_pillars, uniq_terence
D:3:      old_standard_altar, supply_closet_lemuel
D:4:      lemuel_round_altar, feat_on_display, uniq_eustachio, uniq_grinder,
          uniq_ijyb
D:5:      overflow_temple_1_default, lemuel_crystal_altar,
          lemuel_temple_firewalk_b, first_ration, uniq_crazy_yiuf_cottage
D:6:      tso_metal_star, lemuel_round_altar, serial_shops, shop_statue,
          uniq_menkaure, uniq_duvessa

Skill      XL: |  1  2  3  4  5  6  7  8 |
---------------+-------------------------+-----
Dodging        | 2 3 |  3.7
Conjurations   | 2 3 4 5 |  5.3
Fighting       | 1 2 3 |  3.8
Spellcasting   | 3 4 5 |  5.2
Fire Magic     | 4 5 6 |  6.8
Stealth        | |  1.7

Action                   |  1- 3 |  4- 6 |  7- 9 || total
-------------------------+-------+-------+-------++-------
Melee: Dagger            |    58 |    49 |    63 ||   170
       Unarmed           |     7 |       |       ||     7
       Tailslap          |     9 |     2 |     7 ||    18
       Quarterstaff      |       |       |     3 ||     3
 Cast: Flame Tongue      |    35 |   101 |    67 ||   203
       Conjure Flame     |       |     1 |       ||     1
       Sticky Flame      |       |     1 |     9 ||    10
 Abil: Breathe Steam     |       |       |     7 ||     7
Evoke: Wand              |       |       |     1 ||     1
  Use: Potion            |       |       |     2 ||     2
 Stab: Sleeping          |     1 |       |       ||     1
  Eat: Ration            |     1 |     1 |     2 ||     4
       Chunk             |     2 |     6 |     2 ||    10
Armor: Skin              |    18 |    33 |    28 ||    79
Dodge: Dodged            |    38 |    75 |    77 ||   190

Table legend:
 A = Non-vault XP
 B = Vault XP
 C = Vault XP percentage of total XP
 D = Non-vault monster count
 E = Vault monster count
 F = Vault count percentage of total count
                 A         B        C        D         E       F
            +---------+---------+-------+---------+---------+-------
      Total |    1263 |     921 |  42.2 |     111 |      15 |  11.9
            +---------+---------+-------+---------+---------+-------
        D:1 |      27 |      12 |  30.8 |      16 |       8 |  33.3
        D:2 |     128 |      36 |  22.0 |      27 |       1 |   3.6
        D:3 |     318 |       0 |   0.0 |      32 |       0 |   0.0
        D:4 |     245 |     588 |  70.6 |      14 |       3 |  17.6
        D:5 |     422 |      37 |   8.1 |      19 |       1 |   5.0
        D:6 |     123 |     248 |  66.8 |       3 |       2 |  40.0
            +---------+---------+-------+---------+---------+-------
